AoeStats
← TheKingOfFire

Arena

509506357Analyzed
1v1 RM · 5d ago on Sep 27, 2026· 40m 23s· 2 players
Game mode
Random Map
Map size
Tiny (2 player)
Population
200
Speed
Normal
Resources
Standard
Victory
Conquest
Starting age
Dark Age
Ending age
Imperial Age
RankedLock teamsTeams togetherTeam positionsShared explorationLock speedFull tech treeHidden civsTurbo modeCheats
Victory
Defeat
🇲🇽 Celts · Mexico
176
+21
🇨🇱 Khmer · Chile
285
-21
aplahike
11:08 Feudal Age
12:30 Wheelbarrow
11:55 Loom
17:19 Arson
18:18 Town Watch
20:30 Fletching
20:51 Forging
20:42 Padded Archer Armor
20:42 Scale Mail Armor
20:55 Man-at-Arms
21:40 Double-Bit Axe
21:51 Horse Collar
23:08 Gold Mining
23:12 Stone Mining
29:25 Castle Age
28:39 Scale Barding Armor
30:23 Hand Cart
30:52 Bodkin Arrow
32:22 Ballistics
32:19 Crossbowman
32:20 Elite Skirmisher
32:23 Pikeman
32:49 Gambesons
39:13 Imperial Age
39:54 Husbandry
40:22 Furor Celtica
41:00 Siege Engineers
TheKingOfFire
12:56 Feudal Age
21:13 Town Watch
21:50 Double-Bit Axe
24:39 Arson
26:57 Horse Collar
31:38 Stone Mining
31:39 Gold Mining
36:13 Fletching
36:24 Padded Archer Armor
40:32 Castle Age
40:01 Forging
39:58 Scale Barding Armor
40:51 Wheelbarrow
Connection lost

Rejoining the realm…

Still unreachable

The connection could not be restored.

Session expired

The server has moved on; the page needs a fresh start.